 Dungeon Crawl Stone Soup version 0.17-a0-1632-g0af21bd (webtiles) character file.

3669 urechis the Grappler (level 9, -20/93 HPs)
             Began as a Troll Monk on Aug 3, 2015.
             Demolished by an orc warrior
             ... wielding a +3 flail of venom
              (22 damage)
             ... on level 8 of the Dungeon.
             The game lasted 00:11:04 (5513 turns).

urechis the Grappler (Troll Monk)                   Turns: 5513, Time: 00:11:05

Health: -20/93     AC:  8    Str: 21    XL:     9   Next: 89%
Magic:  8/8        EV: 10    Int:  6    God:
Gold:   470        SH:  0    Dex: 15    Spells: 0 memorised, 8 levels left

rFire  . . .     SeeInvis +       - Unarmed
rCold  . . .     Clarity  .     a - +0 robe
rNeg   + . .     SustAt   .     (no shield)
rPois  +         Gourm    +     (helmet restricted)
rElec  .         Spirit   .     E - +2 cloak
rCorr  .         Warding  +     (gloves unavailable)
rMut   .         Stasis   .     (boots unavailable)
MR     .....                    y - amulet of warding
Stlth  ++........               A - ring of poison resistance
                                r - ring of see invisible

@: lethally poisoned (-20 -> -34), flying, not resistant to hostile
enchantments, unstealthy
A: unfitting armour, claws 3, fast metabolism 3, gourmand, regeneration 2,
shaggy fur 1, tough skin 2
a: no special abilities


You were on level 8 of the Dungeon.
You were very full.

You visited 1 branch of the dungeon, and saw 8 of its levels.
You also visited: Sewer.

You collected 470 gold pieces.

Inventory:

Hand weapons
 b - a +0 blowgun
Missiles
 m - a large rock (quivered)
 t - 64 poisoned needles
Armour
 a - a +0 robe (worn)
 p - a +0 large shield
 E - a +2 cloak (worn)
Jewellery
 r - a ring of see invisible (left claw)
 y - an amulet of warding (around neck)
 A - a ring of poison resistance (right claw)
Magical devices
 H - a wand of flame (15)
Scrolls
 c - 4 scrolls of identify {unknown}
 d - 2 scrolls of random uselessness {unknown}
 g - 2 scrolls of teleportation {unknown}
 j - 5 scrolls of magic mapping {unknown}
 l - a scroll of blinking {unknown}
 q - 2 scrolls of remove curse {unknown}
 v - 2 scrolls of fog {unknown}
 w - a scroll of immolation {unknown}
 x - a scroll of amnesia {unknown}
 C - a scroll of noise {unknown}
 D - a scroll of enchant weapon {unknown}
 F - a scroll of recharging {unknown}
Potions
 e - 2 potions of flight
 f - 2 potions of lignification {unknown}
 h - 6 potions of curing {unknown}
 k - 4 potions of poison {unknown}
 n - 3 potions of agility {unknown}
 u - a potion of berserk rage
 z - a potion of brilliance {unknown}
 B - 2 potions of resistance {unknown}
 G - a potion of ambrosia {unknown}
 J - a potion of cure mutation {unknown}
 K - a potion of haste {unknown}
Comestibles
 i - a meat ration
 o - 4 beef jerkies
 s - 11 bread rations
 I - 3 chunks of flesh
 L - 7 slices of pizza


   Skills:
 + Level 7.3 Fighting
 - Level 2.4 Dodging
 - Level 1.1 Stealth
 * Level 12.0 Unarmed Combat


You had 8 spell levels left.
You didn't know any spells.

Dungeon Overview and Level Annotations

Branches:
Dungeon (8/15)             Temple (0/1) D:6
   Lair: D:8-11

Altars:
Elyvilon
Gozag
Okawaru
Qazlal
Sif Muna
Trog
Zin
The Shining One

Shops:
D:5 :*!:[


Innate Abilities, Weirdness & Mutations

You are too large for most types of armour.
You have claws for hands.
Your metabolism is lightning-fast.
You like to eat raw meat.
You heal very quickly.
You are covered in fur (AC +1).
You have very tough skin (AC +2).


Message History

The orc warrior is heavily wounded.
You feel sick.
You scratch the orc warrior.
The orc warrior is heavily wounded.
You feel sick.
The orc warrior hits you with a flail of venom!!
* * * LOW HITPOINT WARNING * * *
Drink which item? (? for menu, Esc to quit)
It was a potion of flight.
You feel very buoyant.
You fly up into the air.
You feel sick.
The orc warrior hits you with a flail of venom!
* * * LOW HITPOINT WARNING * * *
You are more poisoned.
You barely miss the orc warrior.
The orc warrior is heavily wounded.
* * * LOW HITPOINT WARNING * * *
You feel very sick.
The orc warrior hits you with a flail of venom!!
You die...

#.# #.# #.# . #.# .. #.#
...# ##.## .... ##...##
...#.o#####.....## ###
....ooo@.........#####..
.############.##........
#.########.# #.# #.# #'#
#.# ... #.# .. #.# #..
.####..


You could see an orc warrior, an orc priest and 2 orcs.

Vanquished Creatures
  Pikel (D:6)
  Prince Ribbit (D:7)
  Sigmund (D:6)
  A hippogriff (D:6)
  A hog (D:7)
  3 humans (D:7)
  A yak (D:7)
  2 ogres (D:5)
  A phantom (D:8)
  An orc warrior (D:6)
  3 slaves
  3 centaurs
  A necrophage (D:6)
  A big kobold (Sewer)
  2 giant frogs
  A scorpion (D:5)
  2 crimson imps
  5 hounds
  6 orc priests
  9 orc wizards
  An iguana (D:7)
  4 worker ants
  2 sheep (D:7)
  2 hound skeletons
  4 gnolls (D:8)
  10 adders
  2 river rats (Sewer)
  A worm (D:2)
  2 adder skeletons
  2 giant geckos
  34 orcs
  15 bats
  A giant cockroach (D:1)
  7 goblins
  7 hobgoblins
  14 jackals
  9 kobolds
  2 ball pythons
  A ball python skeleton (D:4)
  A giant gecko skeleton (D:5)
  A giant gecko zombie (D:5)
  9 giant newts
  A quokka (D:3)
  12 rats
190 creatures vanquished.

Vanquished Creatures (others)
  A giant frog (D:6)
  2 orcs (D:6)
3 creatures vanquished.

Grand Total: 193 creatures vanquished

Notes
Turn   | Place    | Note
--------------------------------------------------------------
     0 | D:1      | urechis the Troll Monk began the quest for the Orb.
     0 | D:1      | Reached XP level 1. HP: 22/22 MP: 0/0
    22 | D:1      | Reached XP level 2. HP: 21/29 MP: 1/1
   485 | D:2      | Reached XP level 3. HP: 36/36 MP: 2/2
   804 | D:2      | Reached skill level 5 in Unarmed Combat
  1010 | D:2      | Reached XP level 4. HP: 45/45 MP: 3/3
  1469 | D:3      | Reached XP level 5. HP: 53/53 MP: 4/4
  1500 | D:3      | Reached skill level 6 in Unarmed Combat
  1656 | D:3      | Reached XP level 6. HP: 34/62 MP: 5/5
  1769 | D:3      | Found an opulent altar of Gozag.
  2366 | D:4      | Reached skill level 7 in Unarmed Combat
  2387 | D:4      | Found a deep blue altar of Sif Muna.
  2527 | D:4      | Found a white marble altar of Elyvilon.
  2528 | D:4      | Found a glowing silver altar of Zin.
  2531 | D:4      | Found a glowing golden altar of the Shining One.
  2882 | D:5      | Entered Level 5 of the Dungeon
  2888 | D:5      | Reached XP level 7. HP: 69/71 MP: 6/6
  2897 | D:5      | Found Toekuet's Book Emporium.
  3026 | D:5      | Reached skill level 8 in Unarmed Combat
  3148 | D:5      | Found a bloodstained altar of Trog.
  3272 | D:5      | Reached skill level 5 in Fighting
  3315 | D:5      | Reached XP level 8. HP: 23/80 MP: 7/7
  3354 | D:5      | Found a stormy altar of Qazlal.
  3375 | D:5      | Found Cuir's Distillery.
  3379 | D:5      | Found Iwilamm's Antique Armour Shop.
  3468 | D:5      | Found Sitack's Book Emporium.
  3504 | D:5      | Found Qaudamm's Assorted Antiques.
  3534 | D:5      | Found a glowing drain.
  3543 | Sewer    | Entered a sewer
  3616 | Sewer    | Reached skill level 9 in Unarmed Combat
  3634 | Sewer    | Found a glowing silver altar of Zin.
  3734 | D:6      | Noticed Pikel
  3790 | D:6      | Killed Pikel
  3961 | D:6      | Reached skill level 10 in Unarmed Combat
  4082 | D:6      | Reached XP level 9. HP: 68/89 MP: 8/8
  4140 | D:6      | Found a staircase to the Ecumenical Temple.
  4153 | D:6      | Noticed Sigmund
  4243 | D:6      | Killed Sigmund
  4730 | D:7      | Noticed Prince Ribbit
  4741 | D:7      | Killed Prince Ribbit
  4741 | D:7      | Reached skill level 11 in Unarmed Combat
  4753 | D:7      | Found an iron altar of Okawaru.
  4836 | D:7      | Found a glowing golden altar of the Shining One.
  5333 | D:8      | Reached skill level 12 in Unarmed Combat
  5513 | D:8      | HP: 2/93 [poisoned by an orc warrior]
  5513 | D:8      | Demolished by an orc warrior

Vault maps used:
D:1:      scummos_arrival_simple_fountains, minivault_14
D:2:      first_bread, glass_columns_a, kennysheep_decorative_pillar,
          guppyfry_early_orc_mine
D:3:      grunt_gozag_statues
D:4:      good_gods_mini_temple, led_sif_book
D:5:      kennysheep_mini_moat, lemuel_round_altar, serial_shops, shop,
          nicolae_shop_overgrown_old_shop, nicolae_shop_crystal, shop, shop,
          portal_sewer_entry_d, lemuel_flamethrower_1
D:6:      temple_statues, uniq_sigmund, uniq_pikel
D:7:      basic_altar, serial_glass, glass_columns_a, glass_columns_a,
          glass_columns_a, glass_columns_c, glass_columns_c, glass_columns_a,
          grunt_livestock, hangedman_decor_push, minmay_misc_feat_ornament,
          okawaru_humans, uniq_prince_ribbit1
D:8:      old_standard_altar, jmf_multi_god_temple
Sewer:    sewer_kobolds

Action                   |  1- 3 |  4- 6 |  7- 9 || total
-------------------------+-------+-------+-------++-------
Melee: Unarmed           |   130 |   183 |   291 ||   604
 Fire: Blowgun           |       |       |     2 ||     2
  Use: Potion            |       |       |     1 ||     1
 Stab: Sleeping          |     2 |     3 |     3 ||     8
  Eat: Chunk             |    12 |     8 |    33 ||    53
       Royal jelly       |       |     1 |       ||     1
